 Dungeon Crawl Stone Soup version 0.26.1-11-gd32895ea62 (webtiles) character file.

Game seed: 12535556097738159839

418 dtburroughs the Skirmisher (level 6, -4/56 HPs)
             Began as a Minotaur Berserker on May 19, 2021.
             Was a Believer of Trog.
             Slain by an orc warrior
             ... wielding a +0 halberd of venom
              (9 damage)
             ... on level 4 of the Dungeon.
             The game lasted 00:05:11 (2883 turns).

dtburroughs the Skirmisher (Minotaur Berserker)     Turns: 2883, Time: 00:05:12

Health: -4/56      AC: 12    Str: 21    XL:     6   Next: 61%
Magic:  5/5        EV:  7    Int:  6    God:    Trog [**....]
Gold:   159        SH:  0    Dex: 10    Spells: 5/5 levels left

rFire    . . .     SeeInvis .   x - +0 war axe
rCold    . . .     Faith    .   (no shield)
rNeg     . . .     Spirit   .   d - +0 plate armour
rPois    .         Reflect  .   (helmet restricted)
rElec    .         Harm     .   (no cloak)
rCorr    .         Rampage  .   (no gloves)
Will     .....                  (no boots)
Stlth    ..........             (no amulet)
HPRegen  0.18/turn              (no ring)
MPRegen  0.09/turn              (no ring)

@: lethally poisoned (-4 -> -18)
A: retaliatory headbutt, horns 2
a: Renounce Religion, Berserk, Trog's Hand


You were on level 4 of the Dungeon.
You worshipped Trog.
Trog was pleased with you.
You visited 1 branch of the dungeon, and saw 4 of its levels.

You collected 159 gold pieces.

Inventory:

Hand Weapons
 a - a +0 hand axe
 x - a +0 war axe (weapon)
Armour
 d - a +0 plate armour (worn)
 s - a cursed +0 leather armour
 t - a +0 troll leather armour {Purgy}
 w - a +1 leather armour of poison resistance
Jewellery
 c - a cursed amulet of inaccuracy {unknown}
 f - a +6 ring of strength {unknown}
 h - an uncursed ring of flight {unknown}
Scrolls
 b - 3 scrolls of magic mapping {unknown}
 e - 2 scrolls of identify {unknown}
 i - 5 scrolls of remove curse {unknown}
 k - 2 scrolls of amnesia {unknown}
 l - a scroll of enchant weapon {unknown}
 n - 3 scrolls of enchant armour {unknown}
 r - 2 scrolls of teleportation {unknown}
 v - a scroll of fog {unknown}
 y - a scroll of immolation {unknown}
Potions
 g - 2 potions of haste {unknown}
 j - a potion of lignification {unknown}
 m - a potion of berserk rage {unknown}
 o - a potion of ambrosia {unknown}
 p - 2 potions of might {unknown}
 q - 2 potions of curing {unknown}
 u - a potion of flight {unknown}
 A - 2 potions of heal wounds {unknown}


   Skills:
 + Level 5.5 Fighting
 + Level 5.5 Axes
 + Level 4.7 Armour
 + Level 4.2 Dodging


You had 5 spell levels left.
You didn't know any spells.
Your spell library was empty.

Dungeon Overview and Level Annotations

Branches:
Dungeon (4/15)
 Temple: D:4-7

Altars:
Nemelex Xobeh
Wu Jian
Yredelemnul


Innate Abilities, Weirdness & Mutations

You reflexively headbutt those who attack you in melee.
You have a pair of horns on your head.


Message History

The orc priest barely misses you. You furiously retaliate!
You headbutt the orc priest.
The orc warrior hits you from afar with a +0 halberd of venom.
You are more poisoned.
You closely miss the orc priest. Your headbutt misses the orc priest.
The orc priest is heavily wounded.
Your skin stops crawling.
You feel less strong-willed.
You feel sick.
The orc priest calls down the wrath of Beogh upon you.
Beogh smites you!
* * * LOW HITPOINT WARNING * * *
The orc warrior hits you from afar with a +0 halberd of venom!
* * * LOW HITPOINT WARNING * * *
You slash the orc priest!
You kill the orc priest!
Trog accepts your kill.
* * * LOW HITPOINT WARNING * * *
You feel sick.
The orc warrior hits you from afar with a +0 halberd of venom!
You die...

# . .# ###.#
# #...
...o######.##
#.ooo)@....#
#.#######.[#
#..# #..#
#.[# #..#
#.†# #..# ##
#..###### #.


You could see an orc warrior, an orc wizard and 2 orcs.

Vanquished Creatures
  Purgy (D:3)
  An ogre (D:4)
  A scorpion (D:4)
  A howler monkey (D:4)
  A hound (D:4)
  An orc wizard (D:4)
  An orc priest (D:4)
  An iguana (D:4)
  3 worms
  A dart slug (D:3)
  A leopard gecko (D:3)
  3 orcs (D:4)
  A ball python (D:2)
  5 giant cockroaches
  A goblin (D:3)
  5 hobgoblins
  7 jackals
  6 bats
  4 kobolds
  4 rats
49 creatures vanquished.

Notes
Turn   | Place    | Note
-------+----------+-------------------------------------------
     0 | D:1      | dtburroughs the Minotaur Berserker began the quest for the
                  | Orb.
     0 | D:1      | Reached XP level 1. HP: 19/19 MP: 0/0
   173 | D:1      | You fall into a shaft and drop 1 floor!
   186 | D:1      | Reached XP level 2. HP: 24/27 MP: 1/1
  1090 | D:2      | Reached XP level 3. HP: 33/33 MP: 2/2
  1197 | D:2      | Found a basalt altar of Yredelemnul.
  1327 | D:3      | Noticed Purgy
  1358 | D:3      | Killed Purgy
  1359 | D:3      | Reached XP level 4. HP: 31/41 MP: 3/3
  1765 | D:3      | Found a sparkling altar of Nemelex Xobeh.
  1837 | D:3      | Found an ornate altar of the Wu Jian Council.
  1863 | D:3      | Reached ** piety under Trog
  2022 | D:3      | Reached XP level 5. HP: 40/47 MP: 4/4
  2389 | D:4      | Noticed an ogre
  2397 | D:4      | HP: 3/70 [ogre/+0 giant club (9)]
  2398 | D:4      | Killed an ogre
  2399 | D:4      | Reached skill level 5 in Fighting
  2399 | D:4      | Reached skill level 5 in Axes
  2399 | D:4      | Reached XP level 6. HP: 4/56 MP: 5/5
  2870 | D:4      | Noticed an orc warrior
  2883 | D:4      | Slain by an orc warrior

Illustrated notes

Levels and vault maps discovered:
D:1:      evilmike_arrival_plus, layout_basic
D:2:      layout_rooms, old_standard_altar
D:3:      layout_basic, pdpol_wu_jian_five_deadly_venoms, nemelex_altar_shiori,
          uniq_purgy
D:4:      layout_loops_ring, minmay_cut_off

Skill      XL: |  1  2  3  4  5  6 |
---------------+-------------------+-----
Fighting       | 4 5 |  5.5
Axes           | 4 5 |  5.5
Armour         | 3 4 |  4.7
Dodging        | 3 4 |  4.2

Action                   |  1- 3 |  4- 6 || total
-------------------------+-------+-------++-------
Melee: Hand axe          |    63 |    59 ||   122
       Headbutt          |    10 |    13 ||    23
       War axe           |       |    20 ||    20
Invok: Berserk           |     1 |     1 ||     2
       Trog's Hand       |       |     2 ||     2
Armor: Animal skin       |     7 |       ||     7
       Plate armour      |    43 |    48 ||    91
Dodge: Dodged            |    44 |    34 ||    78
